AoeStats
← IIErich

Arabia

510189466Analyzed
1v1 RM · 2d ago on Sep 29, 2026· 33m 21s· 2 players
Game mode
Random Map
Map size
Tiny (2 player)
Population
200
Speed
Normal
Resources
Standard
Victory
Conquest
Starting age
Dark Age
Ending age
Imperial Age
RankedLock teamsTeams togetherTeam positionsShared explorationLock speedFull tech treeHidden civsTurbo modeCheats
Victory
Defeat
🇧🇷 Spanish · Brazil
628
+14
🇺🇸 Danes · United States
579
-14
IIErich
8:24 Loom
10:10 Feudal Age
11:30 Double-Bit Axe
18:18 Wheelbarrow
17:47 Gold Mining
20:20 Bloodlines
25:03 Castle Age
25:58 Light Cavalry
27:18 Scale Barding Armor
27:26 Forging
30:03 Bow Saw
chickenEnigma
6:25 Loom
10:00 Feudal Age
10:48 Man-at-Arms
21:42 Castle Age
20:12 Horse Collar
22:05 Double-Bit Axe
22:43 Squires
22:06 Long Swordsman
23:47 Bow Saw
27:08 Scale Barding Armor
26:54 Fletching
30:40 Bodkin Arrow
31:18 Elite Skirmisher
32:25 Scale Mail Armor
32:43 Pikeman
Connection lost

Rejoining the realm…

Still unreachable

The connection could not be restored.

Session expired

The server has moved on; the page needs a fresh start.